 Dungeon Crawl Stone Soup version 0.30-a0-462-gd5975efbca (webtiles) character file.

Game seed: 5187299598405250061

448 porpoise the Cleaver (level 7, 0/94 HPs)
             Began as a Hill Orc Monk on Dec 17, 2022.
             Slain by Pikel
             ... wielding a +2 whip of electrocution
              (7 damage)
             ... on level 3 of the Dungeon.
             The game lasted 00:10:01 (2816 turns).

porpoise the Cleaver (Hill Orc Monk)                Turns: 2816, Time: 00:10:01

Health: 0/94       AC: 23    Str: 16    XL:     7   Next: 3%
Magic:  7/7        EV:  2    Int: 10    God:
Gold:   149        SH:  0    Dex: 13    Spells: 6/6 levels left

rFire   . . .      SeeInvis .    a - +0 hand axe
rCold   . . .      Faith    .    (no shield)
rNeg    . . .      Spirit   .    (body armour currently unavailable)
rPois   +          Reflect  .    (helmet currently unavailable)
rElec   .          Harm     .    (cloak currently unavailable)
rCorr   .          Rampage  .    (gloves currently unavailable)
Will    .....      NoTele   +    (boots currently unavailable)
Stlth   ++........               (no amulet)
HPRegen 0.35/turn                (no ring)
MPRegen 0.10/turn                (no ring)

@: tree-form
A: stationary, stasis, torment immunity, boosted hp, (hooves 2), (fire
resistance 1), sense surroundings 1
a: no special abilities


You were on level 3 of the Dungeon.
You were a tree.
You visited 1 branch of the dungeon, and saw 4 of its levels.

You collected 149 gold pieces.

Inventory:

Hand Weapons
 a - a +0 hand axe (weapon)
Missiles
 m - 3 poisoned darts (quivered)
Armour
 e - a +0 scale mail (melded)
 g - a +2 pair of gloves (melded)
 l - a +0 pair of boots (melded)
Scrolls
 d - a scroll of immolation
 f - a scroll of blinking {unknown}
 i - a scroll of identify {unknown}
 k - 3 scrolls of teleportation
 n - a scroll of magic mapping
 o - a scroll of enchant weapon {unknown}
 p - a scroll of amnesia {unknown}
Potions
 j - a potion of lignification


   Skills:
 + Level 6.0 Fighting
 * Level 8.6 Axes
 - Level 2.4 Dodging
 - Level 1.5 Stealth


You had 6 spell levels left.
You didn't know any spells.
Your spell library was empty.

Dungeon Overview and Level Annotations

Branches:
Dungeon (4/15)             Temple (0/1) D:4

Altars:
Makhleb
Okawaru
Xom
The Shining One

Annotations:
D:3 \Dig, Pikel


Innate Abilities, Weirdness & Mutations

You are a tree.
Your roots penetrate the ground, keeping you stationary.
You cannot be teleported.
You are immune to unholy pain and torment.
Your maximum health is greatly increased.
Your equipment is partially melded.
((You have hoof-like feet.))
((Your flesh is heat resistant. (rF+)))
You passively map a small area around you.


Message History

You closely miss Pikel.
Pikel is lightly wounded.
Pikel hits you with a +2 whip of electrocution.
You are electrocuted!
You closely miss Pikel.
Pikel is lightly wounded.
Pikel hits you but does no damage.
You hit Pikel.
Pikel is lightly wounded.
Pikel says, "All the lords of Hell know my name!"
Pikel hits you with a +2 whip of electrocution.
You hit Pikel but do no damage.
Pikel is lightly wounded.
Pikel hits you with a +2 whip of electrocution.
You hit Pikel.
Pikel is lightly wounded.
Pikel hits you with a +2 whip of electrocution.
You hit Pikel but do no damage.
Pikel is lightly wounded.
Pikel says, "Hell isn't that bad."
Pikel hits you with a +2 whip of electrocution.
You are electrocuted!
* * * LOW HITPOINT WARNING * * *
It was a potion of lignification.
You turn into a tree.
Your +2 pair of gloves melds into your body.
Your +0 pair of boots melds into your body.
Your +0 scale mail melds into your body.
Your roots penetrate the ground.
Pikel says, "I'm sure the Orcish Mines are around here somewhere..."
Pikel zaps a wand.
The puff of flame hits you but does no damage.
You are confused.
You feel invigorated.
Pikel zaps a wand.
The puff of flame hits you!
* * * LOW HITPOINT WARNING * * *
Pikel hits you but does no damage.
You are electrocuted!
* * * LOW HITPOINT WARNING * * *
You feel less invigorated.
You feel less confused.
Pikel hits you with a +2 whip of electrocution!
You die...

####### ####### ##.....##
######.....[ ##.......##
#........... #.........#
#........... #.........#
#..###.###.. ## #.........#
#..###.###.. .## #.........#
##..##...##.. ..## #.......>K#
#......_..... ...#
#.......)♣####...##...##.. ...###
#..........<.....###.###..
....<###........[.......###.###..
.................................
....####...........##............
..#.# ##.......##....###......<#
....######.............##........
.........#########.##............
....####...### #.......#.♣.♣.#.#.


You could see Pikel.

Vanquished Creatures
  Sigmund (D:3)
  Pargi (D:4)
  Natasha (thrice) (D:3)
  A gnoll (D:3)
  3 adders
  A worm (D:3)
  A dart slug (D:3)
  5 orcs (D:3)
  4 bats
  8 endoplasms
  5 giant cockroaches
  2 goblins
  6 hobgoblins
  9 jackals
  2 quokkas
  3 ball pythons
  5 frilled lizards
  6 kobolds
  4 rats
70 creatures vanquished.

Notes
Turn   | Place    | Note
-------+----------+-------------------------------------------
     0 | D:1      | porpoise the Hill Orc Monk began the quest for the Orb.
     0 | D:1      | Reached XP level 1. HP: 19/19 MP: 1/1
   126 | D:1      | Found a faded altar of an unknown god.
   177 | D:1      | Reached XP level 2. HP: 26/27 MP: 2/2
   589 | D:1      | Reached skill level 5 in Axes
   591 | D:1      | Reached XP level 3. HP: 27/33 MP: 3/3
  1687 | D:3      | Found an iron altar of Okawaru.
  1693 | D:3      | Found a burning altar of Makhleb.
  1704 | D:3      | Reached XP level 4. HP: 41/41 MP: 4/4
  1812 | D:3      | Noticed Sigmund
  1829 | D:2      | Reached skill level 6 in Axes
  1910 | D:3      | HP: 2/41 [Sigmund/magic dart (9)]
  1929 | D:4      | Noticed Pargi
  1951 | D:4      | Gained mutation: You have large cloven feet. [potion of
                  | mutation]
  1951 | D:4      | Gained mutation: Your flesh is heat resistant. (rF+)
                  | [potion of mutation]
  1951 | D:4      | Gained mutation: You have hoof-like feet. [potion of
                  | mutation]
  1951 | D:4      | Gained mutation: You passively map a small area around you.
                  | [potion of mutation]
  1959 | D:4      | Killed Pargi
  1960 | D:4      | Reached skill level 5 in Fighting
  1960 | D:4      | Reached skill level 7 in Axes
  1960 | D:4      | Reached XP level 5. HP: 22/48 MP: 5/5
  2158 | D:3      | Killed Sigmund
  2159 | D:3      | Reached skill level 8 in Axes
  2159 | D:3      | Reached XP level 6. HP: 56/57 MP: 6/6
  2181 | D:3      | Noticed Natasha
  2187 | D:3      | Killed Natasha
  2337 | D:3      | Noticed Natasha
  2346 | D:3      | Killed Natasha
  2432 | D:3      | Found a shimmering altar of Xom.
  2444 | D:3      | Found a glowing golden altar of the Shining One.
  2525 | D:3      | Noticed Natasha
  2536 | D:3      | Killed Natasha
  2537 | D:3      | Reached XP level 7. HP: 63/63 MP: 7/7
  2760 | D:4      | Noticed Pikel
  2815 | D:3      | HP: 1/94 [Pikel/+2 whip of electrocution (16)]
  2816 | D:3      | Slain by Pikel

Illustrated notes

Levels and vault maps discovered:
D:1:      spicycebolla_arrival_xxxplode, layout_basic,
          hellmonk_ecumenical_altar_blasted
D:2:      layout_basic, minmay_pentomino_t2
D:3:      layout_rooms, nicolae_overflow_crystal_walls, okawaru_trees_1,
          mainiacjoe_overflow_big_doors, lightli_corner_chamber, uniq_sigmund,
          uniq_natasha
D:4:      layout_basic, minmay_temple_entry_slanted, minmay_misc_feat_tiny,
          uniq_pikel, uniq_grinder, uniq_pargi

Skill      XL: |  1  2  3  4  5  6 |
---------------+-------------------+-----
Fighting       | 4 5 6 |  6.0
Axes           | 5 7 8 |  8.6
Dodging        | |  2.4
Stealth        | |  1.5

Action                   |  1- 3 |  4- 6 |  7- 9 || total
-------------------------+-------+-------+-------++-------
Melee: Hand axe          |   131 |   128 |    28 ||   287
       Punch             |     3 |     2 |       ||     5
Throw: Dart              |       |       |     2 ||     2
  Use: Potion            |       |     5 |     3 ||     8
       Scroll            |       |       |     2 ||     2
 Stab: Sleeping          |     1 |       |       ||     1
Armor: Robe              |     3 |       |       ||     3
       Scale mail        |    45 |    69 |     8 ||   122
       Skin              |       |       |     2 ||     2
Dodge: Dodged            |    45 |    89 |    10 ||   144

Table legend: (Time is in decaauts)
 A = Elapsed time spent in this place.
 B = Non-inter-level travel time spent in this place.
 C = Inter-level travel time spent in this place.
 D = Time resting spent in this place.
 E = Time spent auto-exploring this place.
 F = Levels seen in this place.
 G = Mean time per level.
                   A        B        C        D        E       F      G
               +--------+--------+--------+--------+--------+-----+--------+
         Total |   2824 |   2593 |    231 |    441 |   1511 |   4 |  706.0 |
       Dungeon |   2824 |   2593 |    231 |    441 |   1511 |   4 |  706.0 |
               +--------+--------+--------+--------+--------+-----+--------+

Top non-repeatable levels by time:
     D:1: 998 daAuts
     D:2: 750 daAuts
     D:3: 741 daAuts
     D:4: 333 daAuts
